 Dungeon Crawl Stone Soup version 0.14-a0-2432-g6b3afca (webtiles) character file.

80 4tharraofdagon the Firebug (level 3, 1/19 HPs)
             Began as a Tengu Fire Elementalist on Feb 4, 2014.
             Quit the game on Level 4 of the Dungeon.
             The game lasted 00:02:35 (508 turns).

4tharraofdagon the Firebug (Tengu Fire Elementalist) Turns: 508, Time: 00:02:35

HP   1/19        AC  2     Str  8      XL: 3   Next: 31%
MP   7/7         EV 12     Int 16      God:
Gold 46          SH  0     Dex 14      Spells:  2 memorised,  2 levels left

rFire  . . .     SeeInvis .     k - +0 falchion
rCold  . . .     Clarity  .     a - +0 robe
rNeg   . . .     Conserve .     (no shield)
rPois  .         rCorr    .     (helmet restricted)
rElec  .         rRot     .     (no cloak)
SustAb . .       Spirit   .     (no gloves)
rMut   .         Warding  .     (boots unavailable)
Saprov . . .     Stasis   .     (no amulet)
MR     .....                    (no ring)
                                (no ring)

@: quite poisoned, very slightly contaminated, not resistant to hostile
enchantments, fairly stealthy
A: beak, talons 3
a: no special abilities


You were on level 4 of the Dungeon.
You were not hungry.

You visited 1 branch of the dungeon, and saw 4 of its levels.

You collected 46 gold pieces.

Inventory:

Hand weapons
 e - a +0,+0 dagger
 k - a +0,+0 falchion (weapon)
Missiles
 n - 23 darts (quivered)
Armour
 a - a +0 robe (worn)
Comestibles
 c - 2 bread rations
 d - a choko
Scrolls
 h - a scroll of remove curse {unknown}
 i - a scroll of magic mapping {unknown}
 m - a scroll of identify {unknown}
 o - 3 scrolls of noise {unknown}
 p - a scroll of curse jewellery {unknown}
Books
 b - a book of Flames

   Spells                             Type                      Level
   *Flame Tongue                      Conjuration/Fire             1
   Throw Flame                        Conjuration/Fire             2
   *Conjure Flame                     Conjuration/Fire             3
   Inner Flame                        Hexes/Fire                   3
   Sticky Flame                       Conjuration/Fire             4
   Fireball                           Conjuration/Fire             5
Magical staves
 j - an uncursed staff of cold


   Skills:
 - Level 2.1 Dodging
 - Level 2.0 Stealth
 + Level 2.1 Spellcasting
 * Level 2.6 Conjurations
 * Level 4.1 Fire Magic


You had 2 spell levels left.
You knew the following spells:

 Your Spells              Type           Power        Failure   Level  Hunger
a - Flame Tongue          Conj/Fire      ##...        8%          1    #......
b - Conjure Flame         Conj/Fire      ##......     17%         3    ####...


Dungeon Overview and Level Annotations

Branches:
Dungeon (4/16)
 Temple: D:4-7

Altars:


Innate Abilities, Weirdness & Mutations

You have a beak for a mouth.
You have claws for feet.


Message History

You kill the gnoll!
Your Fire Magic skill increases to level 4!
You have reached level 3!
Your experience leads to an increase in your attributes!
Increase (S)trength, (I)ntelligence, or (D)exterity?
You feel clever.
Memorise Conjure Flame, consuming 3 spell levels and leaving 2?
You start memorising the spell.
You continue memorising.
You continue memorising.
You finish memorising.
Drink which item? (? for menu, Esc to quit)
Magic courses through your body.
It was a potion of magic.
Drink which item? (? for menu, Esc to quit)
You feel refreshed.
It was a potion of restore abilities.
Drink which item? (? for menu, Esc to quit)
That liquid tasted very nasty...
You are poisoned.
It was a potion of poison.
* * * LOW HITPOINT WARNING * * *
You feel sick.
Are you sure you want to abandon this character and quit the game? (Confirm with "yes".)

#... #..##############... #...
#..# #... #... #..# #... #...
#..# #.## #... #..# #.#
#...##########..# #.#
#...............# #.
#...............##############.##
#..%#####..<....@.....)..........
#...#...'..#####...##########....
#...#...#..# #...# ...
#...#...#..# #...# g.
#..a#...#..#...'...# .
#...#...#..#...'...#
.#####..#...#...# ...#####...#
##.. ....#


There were no monsters in sight!

Vanquished Creatures
  A gnoll (D:4)
  A giant mite (D:2)
  A giant eyeball (D:4)
  An orc (D:4)
  2 giant cockroaches
  A goblin (D:3)
  A quokka (D:2)
  A bat (D:2)
  2 giant newts (D:2)
  A kobold (D:3)
  3 rats
15 creatures vanquished.

Notes
Turn   | Place    | Note
--------------------------------------------------------------
     0 | D:1      | 4tharraofdagon, the Tengu Fire Elementalist, began the quest for the Orb.
     0 | D:1      | Reached XP level 1. HP: 10/10 MP: 3/3
    45 | D:3      | Noticed an orc wizard
   231 | D:2      | Reached XP level 2. HP: 7/15 MP: 1/5
   397 | D:4      | Paralysed by a giant eyeball for 4 turns
   421 | D:4      | Noticed a phantom
   495 | D:4      | Reached skill level 4 in Fire Magic
   495 | D:4      | Reached XP level 3. HP: 1/19 MP: 0/7
   500 | D:4      | Learned a level 3 spell: Conjure Flame
   508 | D:4      | Quit the game

Action                   || total
-------------------------++-------
Melee: Unarmed           ||     6
       Falchion          ||     7
 Cast: Flame Tongue      ||    32
  Use: Potion            ||     3
 Stab: Distracted        ||     1
